 Dungeon Crawl Stone Soup version 0.31-a0-931-g7b59d4eb97 (webtiles) character file.

Game seed: 7187655593046908698

9418 pokeman the Thaumaturge (level 11, -3/61 HPs)
             Began as a Deep Elf Hedge Wizard on Oct 19, 2023.
             Was a High Priest of Vehumet.
             Slain by a two-headed ogre
             ... wielding a +0 giant club
              (21 damage)
             ... on level 12 of the Dungeon.
             The game lasted 00:28:48 (11411 turns).

pokeman the Thaumaturge (Deep Elf Hedge Wizard)    Turns: 11411, Time: 00:28:50

Health: -3/61      AC: 14    Str:  7    XL:     11   Next: 22%
Magic:  9/31       EV: 13    Int: 24    God:    Vehumet [*****.]
Gold:   387        SH:  0    Dex: 14    Spells: 20/39 levels left

rFire   . . .        a - +8 spear "Feppesa" {freeze, SInv}
rCold   . . .        (no shield)
rNeg    . . .        F - +0 steam dragon scales
rPois   .            R - +3 helmet of Magimin {Will+ SInv}
rElec   .            K - +2 cloak {rCorr}
rCorr   +            H - +0 pair of gloves
SInv    +            (no boots)
Will    ++...        q - amulet of regeneration
Stlth   +            (no ring)
HPRegen 1.10/turn    (no ring)
MPRegen 0.22/turn

%: no passive effects
@: confused, frozen, on blink cooldown, very slow
A: no striking features
a: Renounce Religion


You were on level 12 of the Dungeon.
You worshipped Vehumet.
Vehumet was extremely pleased with you.
You visited 1 branch of the dungeon, and saw 11 of its levels.
You also visited: Sewer and Bailey.

You collected 552 gold pieces.
You spent 165 gold pieces at shops.

Inventory:

Hand Weapons
 a - the +8 spear "Feppesa" (weapon) {freeze, SInv}
   (You found it on level 3 of the Dungeon)

   SInv:      It lets you see invisible.
 x - a +0 dagger of pain
Missiles
 O - 6 throwing nets
Armour
 s - a +1 leather armour of cold resistance
 F - +0 steam dragon scales (worn)
 H - a +0 pair of gloves (worn)
 K - a +2 cloak of preservation (worn)
 R - the +3 helmet of Magimin (worn) {Will+ SInv}
   (You found it in a bailey)

   Will+:     It increases your willpower.
   SInv:      It lets you see invisible.
 S - a +0 kite shield
 U - a +2 pair of gloves of strength
Magical Staves
 k - a staff of cold
 w - a staff of earth
 I - a staff of air
Jewellery
 q - an amulet of regeneration (around neck)
 P - an amulet of guardian spirit
 Q - a ring of ice
Wands
 r - a wand of charming (27)
 D - a wand of digging (5)
 L - a wand of flame (9)
 M - a wand of quicksilver (4)
 N - a wand of mindburst (10)
Scrolls
 e - 4 scrolls of teleportation
 f - 2 scrolls of enchant weapon
 g - 3 scrolls of immolation
 h - 4 scrolls of silence
 i - a scroll of torment {unknown}
 j - 2 scrolls of poison
 m - 2 scrolls of noise
 p - 4 scrolls of brand weapon
 y - 3 scrolls of amnesia
 z - 2 scrolls of vulnerability
 B - a scroll of fog
 C - a scroll of revelation
 E - a scroll of butterflies
 J - a scroll of enchant armour
Potions
 b - 2 potions of brilliance
 c - 5 potions of invisibility
 d - 2 potions of magic
 l - a potion of attraction {unknown}
 n - 2 potions of curing {unknown}
 o - 4 potions of lignification
 t - 3 potions of resistance
 u - 2 potions of haste {unknown}
 v - a potion of might {unknown}
 A - a potion of berserk rage {unknown}
 G - 2 potions of enlightenment
 T - 2 potions of heal wounds {unknown}


   Skills:
 - Level 4.0 Fighting
 + Level 4.6 Armour
 - Level 3.1 Dodging
 - Level 3.0 Stealth
 * Level 14.8 Spellcasting
 + Level 8.6 Conjurations
 - Level 1.1 Summonings
 - Level 1.1 Necromancy
 - Level 1.1 Translocations
 - Level 1.0 Transmutations
 + Level 6.1 Fire Magic
 - Level 1.1 Ice Magic
 - Level 1.0 Air Magic
 - Level 5.0 Earth Magic
 - Level 1.0 Poison Magic
 - Level 1.1 Evocations


You had 20 spell levels left.
You knew the following spells:

 Your Spells              Type           Power      Damage    Failure   Level
a - Magic Dart            Conj           100%       1d8       1%          1
b - Mephitic Cloud        Conj/Pois/Air  34%        N/A       1%          3
c - Call Imp              Summ           46%        N/A       3%          2
d - Blink                 Tloc           46%        N/A       3%          2
e - Ignite Poison         Fire/Tmut/Pois 30%        N/A       1%          3
f - Irradiate             Conj/Tmut      20%        3d18      3%          5
g - Swiftness             Air            22%        N/A       6%          3

Your spell library contained the following spells:

 Spells                   Type           Power      Damage    Failure   Level
 Arcjolt                  Conj/Air       20%        1d30      3%          5
 Apportation              Tloc           46%        N/A       1%          1
 Freeze                   Ice            92%        1d9       1%          1
 Kiss of Death            Conj/Necr      100%       2d13      1%          1
 Necrotise                Necr           92%        1d8       1%          1
 Summon Small Mammal      Summ           92%        N/A       1%          1
 Passwall                 Tmut/Erth      26%        N/A       1%          2
 Frozen Ramparts          Ice            46%        1d7       1%          3
 Hailstorm                Conj/Ice       41%        3d10      1%          3
 Slow                     Hex            68%        N/A       3%          1
 Cigotuvi's Dreadful Rot  Necr/Pois/Air  46%        N/A       3%          2
 Ensorcelled Hibernation  Hex/Ice        40%        N/A       3%          2
 Lesser Beckoning         Tloc           46%        N/A       3%          2
 Wereblood                Tmut           22%        N/A       3%          2
 Call Canine Familiar     Summ           23%        N/A       6%          3
 Gell's Gravitas          Tloc           23%        N/A       6%          3
 Teleport Other           Tloc           23%        N/A       6%          3
 Confusing Touch          Hex            17%        N/A       10%         3
 Sigil of Binding         Hex            17%        N/A       10%         3
 Leda's Liquefaction      Hex/Erth       14%        N/A       12%         4
 Dispel Undead            Necr           23%        3d12      21%         4
 Dimensional Bullseye     Hex/Tloc       10%        N/A       26%         4


Dungeon Overview and Level Annotations

Branches:
Dungeon (10/15)            Temple (0/1) D:7            Lair (0/5) D:8
  Sewer (visited)          Bailey (visited)
    Orc: D:9-12

Altars:
Cheibriados
Elyvilon
Fedhas
Hepliaklqana
Kikubaaqudgha
Makhleb
Okawaru
Qazlal
Ru
Sif Muna
Vehumet
Wu Jian
Xom
Yredelemnul

Shops:
D:4 (   D:5 ?


Message History

Aim: a two-headed ogre, wielding two +0 giant clubs (moderately wounded, confused, chance to affect: 53%)
The ball explodes into a vile cloud!
The stinking cloud engulfs the two-headed ogre but does no damage.
The two-headed ogre is moderately wounded.
The ice encasing you melts away.
The rime drake is engulfed in blazing flames.
The rime drake closely misses you.
The two-headed ogre is engulfed in noxious fumes.
The rime drake is engulfed in blazing flames.
The rime drake bites you but does no damage.
The rime drake is engulfed in blazing flames.
The rime drake closely misses you.
Unknown command.
You puncture the rime drake!
You kill the rime drake!
Vehumet accepts your kill.
You feel your power returning.
The two-headed ogre seems less confused.
The rime drake is engulfed in blazing flames.
The rime drake breathes ice at you. The icy flash freeze hits you!
You are encased in ice.
An orc priest comes into view. It is wielding a +0 falchion.
The two-headed ogre is engulfed in noxious fumes.
Unknown command.
Unknown command.
Casting: Mephitic Cloud (safe; 1% risk of failure)
Confirm with . or Enter, or press ? or * to list all spells.
You blink.
An orc comes into view. It is wielding a +0 hand axe.
You are engulfed in noxious fumes.
You choke on the stench!
You are confused.
The rime drake is engulfed in blazing flames.
You kill the rime drake!
Vehumet accepts your kill.
You feel your power returning.
The two-headed ogre hits you with a +0 giant club.
* * * LOW HITPOINT WARNING * * *
The two-headed ogre hits you with a +0 giant club!!
You die...

,,,,,,**** *,,,,**,,.#.##..,...
,,,**,,,,##***,,,,...##....,**..,
,,,,*,,,,,.,**,,,,#..#...#****.#*
,,,,,,*,.,*.,*,,,,#.##.#.#####.#
,,*,*,,...*#.*,,,,#.#..........##
,,*,~~~≈≈..#.###**#.#....).......
,,*,~***##...○§####o#(.)..>......
,,*,~*∩.....°○○O##.)#)).)........
,,*,~*,.(..≈.○.○@o.))))).........
,,*,~*,..≈#...☼###..#))..........
,,*,,*,.≈#≈#....#...).).......$..
,,,,,,,.#≈.#.......#..)..........
,,*,*,,≈..,###..##.#...........##
,,*,,,,..,,,,#.###.##.....#...###
***,,,,,,,,,...,,.............###
*,,,,,,,,,...,,...........#...#
*,,,,,,,,,,,,,,..#.......####.#


You could see a two-headed ogre, an orc priest and an orc.

Vanquished Creatures
  A fire crab (D:8)
  A cyclops (D:12)
  2 rime drakes (D:12)
  A troll (D:12)
  A shadow (D:12)
  A vampire (D:10)
  6 yaks (D:9)
  A wyvern (D:8)
  Grum (Bailey)
  A steam dragon (D:7)
  3 acid dragons
  2 water moccasins
  6 orc warriors
  2 sky beasts
  2 ice beasts (D:7)
  3 ogres
  6 wolves (Bailey)
  3 centaurs
  A phantom (D:5)
  2 kobold brigands (Sewer)
  3 necrophages (D:6)
  3 wyvern zombies (D:6)
  3 scorpions
  3 bullfrogs
  7 gnoll sergeants
  8 wights
  5 killer bees (D:9)
  An electric eel (D:6)
  3 howler monkeys (D:9)
  A crimson imp (D:7)
  2 bullfrog zombies (D:6)
  A centaur zombie (D:6)
  5 hounds
  10 orc priests
  8 gnoll boudas (Bailey)
  4 jellies
  A human zombie (D:6)
  2 sleepcaps
  6 iguanas
  8 orc wizards
  Terence (D:2)
  18 gnolls
  11 adders
  4 river rats (Sewer)
  3 white imps
  A dart slug (D:1)
  27 orcs
  9 ball pythons
  9 endoplasms
  7 giant cockroaches
  14 goblins
  4 hobgoblins
  2 jackals (D:3)
  A quokka (D:1)
  6 bats
  13 frilled lizards
  7 kobolds
  8 rats
275 creatures vanquished.

Vanquished Creatures (collateral kills)
  A hornet zombie (D:6)
1 creature vanquished.

Grand Total: 276 creatures vanquished

Notes
Turn   | Place    | Note
-------+----------+-------------------------------------------
     0 | D:1      | pokeman the Deep Elf Hedge Wizard began the quest for the
                  | Orb.
     0 | D:1      | Reached XP level 1. HP: 10/10 MP: 7/7
   288 | D:1      | Reached XP level 2. HP: 11/16 MP: 1/9
   909 | D:1      | Reached skill level 5 in Spellcasting
  1208 | D:1      | Reached XP level 3. HP: 20/20 MP: 6/11
  1213 | D:1      | Learned a level 3 spell: Mephitic Cloud
  1249 | D:1      | Learned a level 2 spell: Call Imp
  1252 | D:1      | Learned a level 2 spell: Blink
  1384 | D:2      | Noticed Terence
  1394 | D:2      | HP: 1/20 [Terence/+0 falchion (8)]
  1405 | D:2      | Reached skill level 1 in Fighting
  1507 | D:2      | Killed Terence
  1508 | D:2      | Reached skill level 1 in Armour
  1553 | D:2      | Reached XP level 4. HP: 25/25 MP: 7/13
  2500 | D:3      | Found a radiant altar of Vehumet.
  2529 | D:3      | Became a worshipper of Vehumet
  2537 | D:3      | Identified the +8 spear "Feppesa" {freeze, SInv}
  3178 | D:4      | Reached skill level 6 in Spellcasting
  3178 | D:4      | Reached XP level 5. HP: 29/29 MP: 8/15
  3380 | D:4      | Found Erioxy's Weapon Emporium.
  3703 | D:4      | Found an ornate altar of the Wu Jian Council.
  3716 | D:4      | Noticed a sky beast
  3725 | D:4      | Killed a sky beast
  3726 | D:4      | Reached skill level 1 in Ice Magic
  3726 | D:4      | Reached skill level 1 in Air Magic
  3726 | D:4      | Reached skill level 1 in Poison Magic
  3726 | D:4      | Reached skill level 1 in Evocations
  3726 | D:4      | Reached XP level 6. HP: 34/34 MP: 9/17
  3766 | D:4      | Reached skill level 1 in Earth Magic
  3858 | D:4      | Reached * piety under Vehumet
  3858 | D:4      | Offered knowledge of Shock by Vehumet.
  3968 | D:4      | Reached skill level 7 in Spellcasting
  4119 | D:4      | Reached XP level 7. HP: 30/38 MP: 11/19
  4182 | D:4      | Reached skill level 1 in Necromancy
  4468 | D:5      | Entered Level 5 of the Dungeon
  4660 | D:5      | Reached skill level 8 in Spellcasting
  4733 | D:5      | Learned a level 3 spell: Swiftness
  4873 | D:5      | Found a shimmering blue altar of Sif Muna.
  5229 | D:5      | Found Mucahat's Magic Scroll Shop.
  5240 | D:5      | Reached XP level 8. HP: 24/44 MP: 14/22
  5284 | D:5      | Bought a scroll of teleportation for 30 gold pieces
  5284 | D:5      | Bought a scroll of identify for 20 gold pieces
  5284 | D:5      | Bought a scroll of identify for 20 gold pieces
  5284 | D:5      | Bought a scroll of revelation for 75 gold pieces
  5284 | D:5      | Bought a scroll of identify for 20 gold pieces
  5599 | D:6      | Found a glowing drain.
  5603 | Sewer    | Entered a sewer
  5650 | Sewer    | Reached ** piety under Vehumet
  5650 | Sewer    | Offered knowledge of Static Discharge by Vehumet.
  5870 | Sewer    | Reached skill level 9 in Spellcasting
  6479 | D:6      | Reached skill level 5 in Conjurations
  6635 | D:6      | Found a basalt altar of Yredelemnul.
  6648 | D:6      | Reached skill level 10 in Spellcasting
  6738 | D:6      | Reached XP level 9. HP: 14/48 MP: 21/25
  6831 | D:6      | Found a sacrificial altar of Ru.
  6877 | D:6      | Offered knowledge of Ignite Poison by Vehumet.
  6890 | D:6      | Reached skill level 5 in Earth Magic
  6900 | D:6      | Learned a level 3 spell: Ignite Poison
  7060 | D:6      | Reached *** piety under Vehumet
  7403 | D:7      | Found a staircase to the Ecumenical Temple.
  7412 | D:7      | Reached skill level 11 in Spellcasting
  7418 | D:7      | Reached skill level 1 in Transmutations
  7418 | D:7      | Reached skill level 1 in Fire Magic
  8157 | D:7      | Offered knowledge of Fulminant Prism by Vehumet.
  8438 | D:8      | Found a staircase to the Lair.
  8438 | D:8      | Noticed a fire crab
  8460 | D:8      | Killed a fire crab
  8461 | D:8      | Reached skill level 12 in Spellcasting
  8570 | D:8      | Found an ancient bone altar of Kikubaaqudgha.
  8570 | D:8      | Found an iron altar of Okawaru.
  8570 | D:8      | Found a shimmering altar of Xom.
  8570 | D:8      | Found a burning altar of Makhleb.
  8578 | D:8      | Found a white marble altar of Elyvilon.
  8584 | D:8      | Found a hazy altar of Hepliaklqana.
  8742 | D:8      | Reached XP level 10. HP: 39/54 MP: 19/28
  9251 | D:9      | Reached skill level 13 in Spellcasting
  9277 | D:9      | Learned a level 5 spell: Irradiate
  9884 | D:9      | Found a snail-covered altar of Cheibriados.
  9898 | D:9      | Reached **** piety under Vehumet
 10263 | D:10     | Entered Level 10 of the Dungeon
 10338 | D:10     | Found a stormy altar of Qazlal.
 10381 | D:10     | Found a flagged portal.
 10388 | Bailey   | Entered a bailey
 10528 | Bailey   | Reached skill level 5 in Fire Magic
 10531 | Bailey   | Offered knowledge of Dazzling Flash by Vehumet.
 10632 | Bailey   | Reached skill level 14 in Spellcasting
 10635 | Bailey   | Noticed Grum
 10640 | Bailey   | Killed Grum
 10833 | Bailey   | Identified the +3 helmet of Magimin {Will+ SInv}
 11055 | D:10     | Found a blossoming altar of Fedhas.
 11301 | D:10     | You fall into a shaft and drop 2 floors!
 11322 | D:12     | Reached XP level 11. HP: 46/61 MP: 28/31
 11359 | D:12     | Reached ***** piety under Vehumet
 11372 | D:12     | Offered knowledge of Arcjolt by Vehumet.
 11387 | D:12     | Noticed a two-headed ogre
 11411 | D:12     | Slain by a two-headed ogre

Illustrated notes

Levels and vault maps discovered:
D:1:      onia_arrival_handbag, layout_basic, minmay_lizard_king
D:2:      layout_loops_ring, dk_noncrumbling_3, uniq_terence
D:3:      layout_loops_cross, nicolae_vehumet_radiance,
          kennysheep_decorative_pillar, minivault_25
D:4:      dreamdust_elfheim, layout_gridville, mainiacjoe_overflow_alcove_4,
          serial_shops, shop
D:5:      layout_basic, led_sif_pool, serial_shops, nicolae_shop_rolling_square
D:6:      layout_loops_ring, lemuel_mausoleum_altar_yredelemnul,
          nicolae_ru_awakened_eye, gup_sewer_entry_bowl, fountainhead,
          chequers_serial_rivers_small_a, uniq_grinder
D:7:      layout_loops_ring, minmay_temple_entry_stoned_glass,
          minmay_fire_ice_demons
D:8:      layout_loops_ring, minmay_overflow_temple_hex, minmay_lair_entry_lava
D:9:      layout_basic, nicolae_overflow_hidden_temple,
          mainiacjoe_overflow_boulevard
D:10:     layout_rooms, fedhas_ov_isle_minmay, kennysheep_little_box,
          enter_bailey_3, minmay_misc_feat_plants,
          nicolae_concentric_dashed_squares_wild
D:12:     layout_rooms, portal_ice_cave_rime, special_room [special_room_orc]

Skill      XL: |  1  2  3  4  5  6  7  8  9 10 11 |
---------------+----------------------------------+-----
Spellcasting   | 5 6 7 8 10 12 14 | 14.8
Fighting       | 1 2 3 4 |  4.0
Armour         | 1 3 4 |  4.6
Conjurations   | 2 3 4 5 6 8 |  8.6
Dodging        | 3 |  3.1
Stealth        | 3 |  3.0
Ice Magic      | 1 |  1.1
Air Magic      | 1 |  1.0
Poison Magic   | 1 |  1.0
Evocations     | 1 |  1.1
Earth Magic    | 1 3 4 5 |  5.0
Necromancy     | 1 |  1.1
Transmutations | 1 |  1.0
Fire Magic     | 3 5 6 |  6.1
Summonings     | |  1.1
Translocations | |  1.1

Action                     |  1- 3 |  4- 6 |  7- 9 | 10-12 || total
---------------------------+-------+-------+-------+-------++-------
  Melee: Dagger            |    10 |       |       |       ||    10
         Spear             |       |    23 |   166 |   152 ||   341
         Punch             |       |       |     1 |     1 ||     2
   Cast: Magic Dart        |    74 |   121 |   191 |    30 ||   416
         Mephitic Cloud    |     3 |     9 |    29 |    60 ||   101
         Blink             |       |     1 |     3 |     3 ||     7
         Call Imp          |       |       |     3 |       ||     3
         Ignite Poison     |       |       |    10 |    31 ||    41
         Swiftness         |       |       |     2 |       ||     2
         Irradiate         |       |       |       |     1 ||     1
    Use: Scroll            |       |       |       |    17 ||    17
   Stab: Confused          |     1 |     3 |     6 |    17 ||    27
         Sleeping          |       |       |     9 |       ||     9
         Distracted        |       |       |     1 |       ||     1
 Armour: Robe              |     9 |    21 |    95 |       ||   125
         Steam dragon scal |       |       |    11 |   106 ||   117
  Dodge: Dodged            |     8 |    17 |   114 |    98 ||   237

Table legend: (Time is in decaauts)
 A = Elapsed time spent in this place.
 B = Non-inter-level travel time spent in this place.
 C = Inter-level travel time spent in this place.
 D = Time resting spent in this place.
 E = Time spent auto-exploring this place.
 F = Levels seen in this place.
 G = Mean time per level.
                   A        B        C        D        E       F      G
               +--------+--------+--------+--------+--------+-----+--------+
         Total |  11626 |  11416 |    210 |    349 |   8932 |  13 |  894.3 |
       Dungeon |  10201 |   9991 |    210 |    201 |   8128 |  11 |  927.4 |
         Sewer |    869 |    869 |      0 |      0 |    739 |   1 |  869.0 |
        Bailey |    555 |    555 |      0 |    148 |     65 |   1 |  555.0 |
               +--------+--------+--------+--------+--------+-----+--------+

Top non-repeatable levels by time:
     D:1: 1379 daAuts
     D:4: 1335 daAuts
     D:6: 1277 daAuts
     D:9: 1064 daAuts
     D:5: 1027 daAuts
     D:7: 979 daAuts
     D:2: 911 daAuts
   Sewer: 869 daAuts
     D:3: 842 daAuts
     D:8: 777 daAuts
  Bailey: 555 daAuts
    D:10: 491 daAuts
    D:12: 113 daAuts
